Map: Blackpink LE

Players

Ardox

  • Race: Zerg Zerg
  • League: Diamond
  • Spawn Location: 1:00

Dessa - Winner!

  • Race: Zerg Zerg
  • League: Diamond
  • Spawn Location: 7:00

VOD

Have the link to the VOD?

Description

Time

  • Played on: Jan. 16, 2018, 2:59 p.m.
  • Length: 13:52
Show
View Real Time Build Order
Export as new Build Order

Ardox Zerg 

Build Orders: Pool First, Lurkers, Zergling Baneling 

Get SALT Encoding   

  12  0:01  Drone  
  13  0:12  Overlord  
  13  0:17  Drone  
  14  0:31  Drone x2  
  14  0:35  Drone  
  17  0:47  Spawning Pool  
  16  0:50  Extractor  
  16  0:52  Drone  
  16  0:56  Drone  
  17  1:08  Drone  
  18  1:22  Hatchery  
  17  1:27  Drone  
  18  1:37  Queen  
  20  1:46  Overlord  
  20  1:50  Drone  
  21  1:58  Metabolic Boost  
  21  2:02  Drone  
  21  2:05  Drone  
  23  2:13  Zergling x2  
  24  2:17  Queen  
  26  2:24  Zergling x2  
  27  2:32  Baneling Nest  
  26  2:37  Zergling x2  
  26  2:40  Zergling x2  
  28  2:45  Zergling x6  
  28  2:47  Zergling x2  
  32  2:55  Overlord  
  32  3:14  Zergling x4  
  32  3:18  Zergling x6  
  37  3:20  Zergling x2  
  37  3:25  Zergling x6  
  41  3:27  Zergling x2  
  41  3:31  Zergling x2  
  43  3:36  Drone  
  44  3:48  Overlord x2  
  43  4:05  Baneling x5  
  43  4:15  Baneling x3  
  41  4:30  Zergling x2  
  27  4:32  Zergling x2  
  27  4:33  Zergling x4  
  27  4:34  Zergling x2  
  27  4:35  Zergling x14  
  37  4:46  Drone  
  37  4:51  Drone  
  39  4:56  Baneling x2  
  39  4:59  Roach Warren  
  38  5:03  Drone  
  38  5:06  Baneling x3, Evolution Chamber  
  38  5:21  Pneumatized Carapace  
  38  5:22  Drone  
  38  5:23  Drone x2  
  38  5:24  Drone x3  
  44  5:30  Extractor  
  43  5:37  Drone x2  
  43  5:39  Drone x3  
  43  5:41  Drone  
  49  5:56  Lair  
  49  5:57  Drone x3  
  49  5:59  Drone x2  
  49  6:01  Drone  
  53  6:13  Spine Crawler  
  53  6:15  Spine Crawler, Roach x2  
  55  6:18  Overlord  
  55  6:26  Roach x2  
  63  6:40  Roach x4  
  63  6:41  Overlord x2  
  67  6:51  Overlord  
  67  6:52  Overlord x2  
  66  7:05  Hatchery  
  66  7:07  Hydralisk Den  
  64  7:09  Drone x2  
  64  7:11  Extractor  
  64  7:12  Drone  
  64  7:14  Extractor  
  65  7:17  Queen  
  67  7:27  Ravager x3  
  70  7:30  Drone x3  
  70  7:31  Overlord  
  70  7:33  Overlord  
  73  7:49  Roach x4  
  73  7:50  Roach  
  83  8:24  Lurker Den  
  82  8:28  Drone  
  82  8:29  Drone, Overlord  
  82  8:30  Overlord  
  82  8:31  Hydralisk x3, Overlord  
  82  8:32  Hydralisk  
  92  8:43  Zerg Ground Armor Level 1  
  92  8:53  Hydralisk x2  
  96  9:02  Hydralisk x2  
  99  9:21  Drone x3, Spine Crawler x2  
  99  9:23  Hydralisk x3  
  99  9:24  Hydralisk x2  
  106  9:27  Drone x2  
  106  9:28  Drone  
  113  9:32  Drone, Extractor  
  113  9:33  Extractor  
  109  9:58  Lurker x3  
  110  10:06  Lurker  
  110  10:09  Zergling x18  
  110  10:11  Zergling x2  
  110  10:12  Zergling x8  
  124  10:32  Lurker x3  
  95  10:58  Roach x2  
  95  10:59  Roach x5  
  95  11:01  Roach x6  
  95  11:02  Lurker  
  95  11:03  Lurker  
  123  11:05  Lurker  
  101  11:56  Hydralisk  
  101  11:57  Hydralisk  
  101  11:58  Hydralisk x4  
  101  12:00  Hydralisk x2  
  101  12:01  Hydralisk x4  
  118  12:32  Lurker x3  
  121  12:38  Overseer x2  
  114  13:16  Lurker x2  
  114  13:17  Lurker x2  
  118  13:26  Zergling x18  
  127  13:28  Zergling x2  
  125  13:35  Hatchery  
Show
View Real Time Build Order
Export as new Build Order

Dessa Zerg - Winner!

Build Orders: Hatch First, Lurkers 

Get SALT Encoding   

  12  0:01  Drone  
  13  0:13  Overlord  
  13  0:18  Drone  
  14  0:32  Drone x2  
  16  0:36  Drone  
  17  0:53  Hatchery  
  16  0:57  Drone  
  16  0:59  Extractor  
  16  1:02  Drone  
  17  1:19  Spawning Pool  
  17  1:23  Drone  
  17  1:28  Drone  
  17  1:32  Drone  
  19  1:40  Overlord  
  19  1:50  Drone  
  20  2:06  Queen  
  20  2:07  Metabolic Boost  
  22  2:09  Zergling x4  
  22  2:14  Queen  
  26  2:17  Drone  
  26  2:21  Drone  
  28  2:24  Drone  
  29  2:33  Drone  
  29  2:34  Zergling x2  
  31  2:40  Baneling Nest  
  30  2:48  Queen  
  30  2:50  Drone  
  33  2:54  Overlord  
  34  2:58  Drone  
  33  3:06  Drone  
  33  3:09  Zergling x4  
  36  3:15  Drone  
  38  3:20  Drone x2  
  38  3:21  Overlord  
  39  3:32  Baneling  
  39  3:34  Baneling  
  39  3:39  Zergling x4  
  39  3:40  Zergling x2  
  42  3:42  Drone x3  
  42  3:46  Baneling  
  42  3:47  Baneling  
  45  3:53  Zergling x6  
  45  3:54  Zergling x2  
  48  4:09  Zergling x4  
  51  4:10  Zergling x4, Overlord  
  43  4:31  Baneling x3  
  43  4:33  Drone x2  
  43  4:34  Drone x2, Extractor  
  43  4:35  Extractor  
  45  4:42  Roach Warren  
  43  4:54  Lair  
  43  4:55  Drone x3  
  43  4:56  Drone x3  
  43  4:58  Overlord  
  49  5:01  Hatchery  
  49  5:04  Drone  
  49  5:05  Evolution Chamber  
  49  5:06  Evolution Chamber  
  47  5:08  Drone  
  48  5:15  Drone  
  50  5:21  Drone x3  
  50  5:22  Overlord  
  52  5:33  Zerg Ground Armor Level 1, Zerg Missile Weapons Level 1  
  52  5:34  Roach x2  
  52  5:35  Roach  
  57  5:45  Roach x2  
  61  5:50  Extractor  
  61  5:54  Drone x3  
  61  5:55  Overlord  
  62  6:16  Queen  
  62  6:17  Drone x2  
  62  6:18  Drone x3  
  68  6:19  Drone x3  
  68  6:20  Drone x2  
  68  6:23  Glial Reconstitution  
  74  6:29  Drone  
  74  6:31  Roach x3, Hydralisk Den  
  74  6:32  Overlord  
  80  6:43  Ravager  
  80  6:44  Overlord  
  81  6:52  Ravager  
  82  6:56  Drone x2  
  82  6:57  Drone x3  
  82  6:58  Drone  
  82  7:00  Extractor x2  
  82  7:01  Drone x3  
  89  7:03  Overlord  
  89  7:05  Drone  
  89  7:06  Drone  
  89  7:08  Roach  
  93  7:10  Ravager x2  
  93  7:11  Ravager x2  
  93  7:13  Overlord  
  97  7:22  Pneumatized Carapace  
  97  7:29  Drone, Overlord  
  98  7:30  Overlord  
  98  7:34  Zerg Missile Weapons Level 2  
  98  7:35  Roach x2  
  98  7:36  Roach x3  
  108  7:39  Roach x2  
  112  7:52  Roach x2  
  112  7:53  Roach x5  
  126  8:15  Roach  
  126  8:19  Overlord  
  128  8:20  Overlord  
  128  8:21  Overlord  
  128  8:26  Overlord  
  128  8:36  Zerg Ground Armor Level 2  
  128  8:39  Roach x5  
  128  8:40  Roach  
  140  8:47  Hatchery  
  139  8:49  Extractor  
  139  8:50  Extractor  
  139  8:54  Grooved Spines  
  137  8:59  Roach  
  137  9:00  Roach x5  
  137  9:01  Ravager x3  
  152  9:20  Roach  
  154  9:26  Overlord  
  154  9:27  Overlord  
  154  9:30  Hatchery  
  152  10:01  Hydralisk x2  
  152  10:02  Roach x3, Hydralisk x4  
  152  10:03  Overlord x2  
  169  10:16  Infestation Pit  
  168  10:34  Muscular Augments  
  168  10:39  Hydralisk x8  
  168  10:41  Overlord x2  
  152  11:00  Overseer  
  152  11:01  Overseer  
  137  11:13  Hydralisk  
  137  11:14  Roach x3, Hydralisk x6  
  137  11:15  Roach x5, Hydralisk x2  
  160  11:18  Queen  
  162  11:28  Lurker Den  
  136  11:54  Roach x4, Hydralisk x7  
  137  11:55  Roach  
  137  11:56  Roach x4  
  165  12:03  Ravager x6  
  165  12:04  Ravager x3  
  178  12:08  Roach x3  
  178  12:09  Roach x3  
  182  12:53  Hatchery  
  181  13:04  Lurker x2  
  181  13:05  Lurker x8  
Tags
 
Add a new tag
Caveats
  • Supply blocks, unpowered buildings, or Contaminate may cause inaccurate times.
  • Supply counts are checked every 10 seconds.